 Dungeon Crawl Stone Soup version 0.17-a0-1913-g47c5406 (webtiles) character file.

9 Geeful the Changer (level 2, 0/19 HPs)
             Began as a Human Wanderer on Sept 26, 2015.
             Slain by a giant newt (2 damage)
             ... on level 1 of the Dungeon.
             The game lasted 00:01:23 (1058 turns).

Geeful the Changer (Human Wanderer)                 Turns: 1058, Time: 00:01:23

Health: 0/19       AC:  2    Str: 12      XL:     2   Next: 25%
Magic:  3/3        EV: 12    Int: 11      God:
Gold:   23         SH:  0    Dex: 11 (13) Spells: 0 memorised, 3 levels left

rFire  . . .     SeeInvis .       - Unarmed
rCold  . . .     Clarity  .     d - +0 robe
rNeg   . . .     SustAt   .     (no shield)
rPois  .         Gourm    .     (no helmet)
rElec  .         Spirit   .     (no cloak)
rCorr  .         Warding  .     (no gloves)
rMut   .         Stasis   .     (no boots)
MR     .....                    (no amulet)
Stlth  ++........               (no ring)
                                (no ring)

@: not resistant to hostile enchantments, unstealthy
A: no striking features
a: no special abilities


You were on level 1 of the Dungeon.
You were hungry.

You visited 1 branch of the dungeon, and saw 1 of its levels.

You collected 23 gold pieces.

Inventory:

Armour
 d - a +0 robe (worn)
Scrolls
 c - a scroll of identify {unknown}
Potions
 b - a potion of flight
Comestibles
 a - a meat ration
 f - a bread ration


   Skills:
   Level 2.0 Short Blades
 - Level 1.0 Throwing
 - Level 2.0 Dodging
 - Level 2.0 Stealth
 + Level 1.7 Unarmed Combat
 - Level 1.0 Spellcasting
   Level 2.0 Transmutations


You had 3 spell levels left.
You didn't know any spells.

Dungeon Overview and Level Annotations

Branches:
Dungeon (1/15)

Altars:


Message History

You are too injured to fight recklessly!
You are too injured to fight recklessly!
You are too injured to fight recklessly!
You are too injured to fight recklessly!
You miss the giant newt. The giant newt misses you.
You hit the giant newt but do no damage.
The giant newt bites you.
You closely miss the giant newt. The giant newt bites you.
* * * LOW HITPOINT WARNING * * *
You hit the giant newt.
The giant newt is moderately wounded.
The giant newt barely misses you.
You hit the giant newt.
The giant newt is severely wounded.
The giant newt bites you.
* * * LOW HITPOINT WARNING * * *
You closely miss the giant newt.
The giant newt is severely wounded.
The giant newt bites you.
You die...

....#
##...#.†......#####.#
##..# ##.#######...#
#.# ....# #.# ###.#
#.# ##.## #.# #.# #.#
#.# ##+# #.#####.#
#.# ##...# #.......#
#.# #.....# ####.####
##.## .......##
##.##.# #...####
......†@####...#.#
.......+
......l.'.....)..#
.....###
........####...###
.....# .!.....##
##.## .....# #.....#
#.# #...## ##.).# #.#
##.## ##+# #.# .# #.#
.# #.#


You could see a giant newt.

Vanquished Creatures
  A hobgoblin (D:1)
  2 kobolds (D:1)
  A ball python (D:1)
  A giant cockroach (D:1)
  2 giant newts (D:1)
  3 goblins (D:1)
  A rat (D:1)
11 creatures vanquished.

Notes
Turn   | Place    | Note
--------------------------------------------------------------
     0 | D:1      | Geeful the Human Wanderer began the quest for the Orb.
     0 | D:1      | Geeful set off with: a book of Geomancy, a +0 short sword, a potion of lignification, a +0 robe, a +0 dagger, a bread ration, a !bad item (cl:100,ty:0,pl:0,pl2:0,sp:0,qu:0), a !bad item (cl:100,ty:0,pl:0,pl2:0,sp:0,qu:0), a !bad item (cl:100,ty:0,pl:0,pl2:0,sp:0,qu:0), a !bad item (cl:100,ty:0,pl:0,pl2:0,sp:0,qu:0), a !bad item (cl:100,ty:0,pl:0,pl2:0,sp:0,qu:0), a !bad item (cl:100,ty:0,pl:0,pl2:0,sp:0,qu:0), a !bad item (cl:100,ty:0,pl:0,pl2:0,sp:0,qu:0), a !bad item (cl:100,ty:0,pl:0,pl2:0,sp:0,qu:0), a !bad item (cl:100,ty:0,pl:0,pl2:0,sp:0,qu:0), a !bad item (cl:100,ty:0,pl:0,pl2:0,sp:0,qu:0), a !bad item (cl:100,ty:0,pl:0,pl2:0,sp:0,qu:0), a !bad item (cl:100,ty:0,pl:0,pl2:0,sp:0,qu:0), a !bad item (cl:100,ty:0,pl:0,pl2:0,sp:0,qu:0), a !bad item (cl:100,ty:0,pl:0,pl2:0,sp:0,qu:0), a !bad item (cl:100,ty:0,pl:0,pl2:0,sp:0,qu:0), a !bad item (cl:100,ty:0,pl:0,pl2:0,sp:0,qu:0), a !bad item (cl:100,ty:0,pl:0,pl2:0,sp:0,qu:0), a !bad item (cl:100,ty:0,pl:0,pl2:0,sp:0,qu:0), a !bad item (cl:100,ty:0,pl:0,pl2:0,sp:0,qu:0), a !bad item (cl:100,ty:0,pl:0,pl2:0,sp:0,qu:0), a !bad item (cl:100,ty:0,pl:0,pl2:0,sp:0,qu:0), a !bad item (cl:100,ty:0,pl:0,pl2:0,sp:0,qu:0), a !bad item (cl:100,ty:0,pl:0,pl2:0,sp:0,qu:0), a !bad item (cl:100,ty:0,pl:0,pl2:0,sp:0,qu:0), a !bad item (cl:100,ty:0,pl:0,pl2:0,sp:0,qu:0), a !bad item (cl:100,ty:0,pl:0,pl2:0,sp:0,qu:0), a !bad item (cl:100,ty:0,pl:0,pl2:0,sp:0,qu:0), a !bad item (cl:100,ty:0,pl:0,pl2:0,sp:0,qu:0), a !bad item (cl:100,ty:0,pl:0,pl2:0,sp:0,qu:0), a !bad item (cl:100,ty:0,pl:0,pl2:0,sp:0,qu:0), a !bad item (cl:100,ty:0,pl:0,pl2:0,sp:0,qu:0), a !bad item (cl:100,ty:0,pl:0,pl2:0,sp:0,qu:0), a !bad item (cl:100,ty:0,pl:0,pl2:0,sp:0,qu:0), a !bad item (cl:100,ty:0,pl:0,pl2:0,sp:0,qu:0), a !bad item (cl:100,ty:0,pl:0,pl2:0,sp:0,qu:0), a !bad item (cl:100,ty:0,pl:0,pl2:0,sp:0,qu:0), a !bad item (cl:100,ty:0,pl:0,pl2:0,sp:0,qu:0), a !bad item (cl:100,ty:0,pl:0,pl2:0,sp:0,qu:0), a !bad item (cl:100,ty:0,pl:0,pl2:0,sp:0,qu:0), a !bad item (cl:100,ty:0,pl:0,pl2:0,sp:0,qu:0), a !bad item (cl:100,ty:0,pl:0,pl2:0,sp:0,qu:0), a !bad item (cl:100,ty:0,pl:0,pl2:0,sp:0,qu:0), a !bad item (cl:100,ty:0,pl:0,pl2:0,sp:0,qu:0), a !bad item (cl:100,ty:0,pl:0,pl2:0,sp:0,qu:0), a !bad item (cl:100,ty:0,pl:0,pl2:0,sp:0,qu:0), a !bad item (cl:100,ty:0,pl:0,pl2:0,sp:0,qu:0)
     0 | D:1      | Reached XP level 1. HP: 13/13 MP: 2/2
   117 | D:1      | Reached skill level 1 in Unarmed Combat
   388 | D:1      | Reached XP level 2. HP: 1/19 MP: 3/3
  1058 | D:1      | Slain by a giant newt

Vault maps used:
D:1:      lightli_arrival_isolated_outpost, minmay_misc_feat_encased

Action                   || total
-------------------------++-------
Melee: Unarmed           ||    63
  Use: Potion            ||     4
 Stab: Distracted        ||     1
       Sleeping          ||     1
